 Dungeon Crawl Stone Soup version 0.19.0-16-g73b5abf (webtiles) character file.

79618 KarmaPolice the Archer (level 16, -1/116 HPs)
             Began as a Halfling Hunter on Nov 10, 2016.
             Was a High Priest of Okawaru.
             Killed from afar by Frances (42 damage)
             ... with a shard of ice
             ... on level 1 of the Shoals.
             The game lasted 02:41:05 (40443 turns).

KarmaPolice the Archer (Halfling Hunter)           Turns: 40443, Time: 02:41:06

Health: -1/116     AC: 32    Str: 14    XL:     16   Next: 12%
Magic:  17/22      EV: 17    Int:  9    God:    Okawaru [*****.]
Gold:   1186       SH:  5    Dex: 25    Spells: 2 memorised, 4 levels left

rFire  + . .     SeeInvis +     w - +1 war axe (drain)
rCold  . . .     Gourm    .     E - +4 plate armour "Feekhloa" {Regen+ Dex+4 Slay+3}
rNeg   . . .     Faith    .     (shield restricted)
rPois  .         Spirit   .     y - +2 helmet
rElec  .         Reflect  +     a - +2 cloak {MR+}
rCorr  .         Harm     .     Q - +2 pair of gloves {archery}
MR     ++...                    U - +0 pair of boots
Stlth  ..........               G - +5 amulet of reflection
                                T - ring of protection from fire
                                K - ring of see invisible

@: about to teleport, heroism, finesse
A: mutation resistance 1
a: Heroism, Finesse, Renounce Religion


You were on level 1 of the Shoals.
You worshipped Okawaru.
Okawaru was extremely pleased with you.
You were not hungry.

You visited 5 branches of the dungeon, and saw 23 of its levels.
You visited 1 bazaar.
You also visited: Ice Cave.

You collected 2651 gold pieces.
You spent 1465 gold pieces at shops.

Inventory:

Hand Weapons
 b - a +0 blowgun
 w - a +1 war axe of draining (weapon)
 B - a +3 scimitar of flaming
 O - a +1 shortbow of freezing
Missiles
 d - 519 arrows
 J - 2 curare-tipped needles
Armour
 a - a +2 cloak of magic resistance (worn)
 x - a +0 troll leather armour
 y - a +2 helmet (worn)
 C - a +0 robe of resistance
 E - the +4 plate armour "Feekhloa" (worn) {Regen+ Dex+4 Slay+3}
   (You found it on level 1 of the Shoals)

   It affects your dexterity (+4).
   It affects your accuracy and damage with ranged weapons and melee attacks
   (+3).
   It increases your rate of regeneration.
 Q - a +2 pair of gloves of archery (worn)
 U - a +0 pair of boots (worn)
Jewellery
 G - a +5 amulet of reflection (around neck)
 K - a ring of see invisible (left hand)
 T - a ring of protection from fire (right hand)
Wands
 o - a wand of confusion (33/48)
 I - a wand of teleportation (0/9)
 Y - a wand of digging (10/24)
Scrolls
 g - 5 scrolls of teleportation
 i - a scroll of recharging
 j - a scroll of fear
 k - 5 scrolls of immolation
 l - a scroll of amnesia
 m - 9 scrolls of remove curse
 q - a scroll of identify
 r - a scroll of enchant armour
 u - 2 scrolls of fog
 v - a scroll of blinking
 z - 3 scrolls of enchant weapon
 P - a scroll of acquirement
 S - a scroll of brand weapon
 Z - 2 scrolls of holy word
Potions
 e - a potion of resistance
 h - 3 potions of flight
 p - a potion of haste
 D - a potion of invisibility {unknown}
 H - a potion of beneficial mutation {unknown}
 L - a potion of might
 M - 2 potions of curing
 N - a potion of heal wounds
 R - a potion of cancellation {unknown}
 W - a potion of cure mutation {unknown}
 X - 2 potions of ambrosia {unknown}
Books
 A - a book of Enchantments

   Spells                             Type                      Level
   a - Cause Fear                     Hexes                        4
   b - Yara's Violent Unravelling     Hexes/Transmutation          5
   c - Silence                        Hexes/Air                    5
   d - Deflect Missiles               Charms/Air                   6
   e - Discord                        Hexes                        8
Comestibles
 c - 23 beef jerkies
 f - 16 bread rations
 n - 3 slices of pizza
 s - 7 meat rations
 t - 11 chunks of flesh
 F - 30 fruits
 V - a royal jelly


   Skills:
 + Level 12.7(17.7) Fighting
   Level 2.5(12.9) Short Blades
 - Level 9.8(15.0) Long Blades
 + Level 6.5(11.5) Axes
 + Level 14.4(19.4) Bows
 + Level 7.9(12.9) Armour
 - Level 12.0(17.0) Dodging
 - Level 1.1(6.1) Stealth
 - Level 8.0 Invocations
 + Level 5.8 Evocations


You had 4 spell levels left.
You knew the following spells:

 Your Spells              Type           Power        Failure   Level  Hunger
a - Silence               Hex/Air        #.........   100%        5    ######.
b - Deflect Missiles      Chrm/Air       #.........   100%        6    #######


Dungeon Overview and Level Annotations

Branches:
Dungeon (13/15)            Temple (1/1) D:5            Lair (6/6) D:11
 Shoals (1/4) Lair:2        Snake (0/4) Lair:2        Slime (0/5) Lair:5
    Orc (2/2) D:10            Elf (0/3) Orc:2
 Vaults: D:13-14

Altars:
Ashenzari
Cheibriados
Dithmenos
Elyvilon
Fedhas
Gozag
Hepliaklqana
Kikubaaqudgha
Makhleb
Nemelex Xobeh
Okawaru
Qazlal
Ru
Sif Muna
Trog
Uskayaw
Vehumet
Xom
Yredelemnul
Zin
The Shining One
Beogh
Jiyva

Shops:
D:5 *   D:6 =   D:7 ?[%   D:10 [[[   D:11 *   Orc:1 :   Orc:2 *=([}

Portals:
Trove: D:11 (give crystal plate armour of Ylyohetog)

Annotations:
D:2 Ijyb
D:4 Nordron's ghost, amateur NaTm
Shoals:1 Frances


Innate Abilities, Weirdness & Mutations

You are small and have problems with some larger weapons.
You are somewhat resistant to further mutation.


Message History

Press: ? - help, Shift-Dir - straight line, f - Frances
Aim: Frances, wielding a battleaxe of flaming and wearing a leather armour (unusually agile, chance to defeat MR: 4%)
Okay, then.
Evoke which item? (* to show all) (? for menu, Esc to quit)
Zapping:
I - a wand of teleportation (1/9)
Press: ? - help, Shift-Dir - straight line, f - Frances
Aim: Frances, wielding a battleaxe of flaming and wearing a leather armour (unusually agile, chance to defeat MR: 9%)
Okay, then.
Unknown command.
Okay, then.
Okay, then.
Okay, then.
Evoke which item? (* to show all) (? for menu, Esc to quit)
Zapping:
I - a wand of teleportation (1/9)
Press: ? - help, Shift-Dir - straight line, f - you You feel strangely unstable.
This wand has 0 charges left.
You miss Frances.
Frances whispers indecipherable words.
The shard of ice hits you!
You die...

≈≈≈≈≈≈≈≈≈≈≈≈..###./...≈≈≈≈..
≈≈≈≈≈≈≈......## #.!....≈≈...
≈≈≈≈≈≈≈.....## ##.....≈....
≈≈≈≈≈≈≈.#####..###.....≈...#
≈≈≈≈≈≈≈.# #.............
≈≈≈≈≈≈≈.# ###....##.....
≈≈≈≈≈≈≈.# ##.....≈≈.).
≈≈≈≈≈≈≈.# ### #......≈...
≈≈≈≈≈≈..###@## ######.≈...
≈≈≈≈≈≈≈..###@## # #.....
≈≈≈≈≈≈≈.....#E## #.# #...≈≈.
≈≈≈≈≈≈≈≈≈≈..EEm#..# #..≈≈.≈
≈≈≈≈≈≈≈≈≈≈≈≈.(.>..# #..≈≈≈≈
≈≈≈≈≈≈≈≈≈≈≈≈..(.### #...≈≈≈
≈≈≈≈≈≈≈≈≈≈≈≈...(#
≈≈≈≈≈≈≈≈≈≈≈≈≈≈..(.
≈≈≈≈≈≈≈≈≈≈≈≈≈≈..(..


You could see Frances, a merfolk and 2 water elementals.

Vanquished Creatures
  Kirke (Lair:4)
  Donald (Shoals:1)
  2 orc warlords
  A frost giant (IceCv)
  A merfolk impaler (Shoals:1)
  Erica (D:9)
  3 hydras
  A merfolk aquamancer (Shoals:1)
  5 death yaks
  A merfolk avatar (Shoals:1)
  A catoblepas (Lair:5)
  Urug (Orc:1)
  A sea snake (Shoals:1)
  5 hill giants
  The ghost of SaltedButter the Cleaver, a novice HOBe of Trog (D:11)
  A lindwurm (Lair:3)
  3 orc knights
  A wolf spider zombie (D:11)
  Pikel (D:7)
  6 orc sorcerers
  3 oklob plants
  4 manticores
  3 cyclopes
  6 elephants
  Joseph (D:9)
  A siren (Shoals:1)
  Psyche (D:9)
  Maurice (D:9)
  3 black mambas (Lair:1)
  A water nymph (Shoals:1)
  A centaur skeleton (D:13)
  An ice statue (IceCv)
  5 spiny frogs
  3 komodo dragons
  A rime drake (Lair:6)
  A kobold demonologist (D:12)
  6 trolls
  A two-headed ogre (Orc:1)
  A merfolk (Shoals:1)
  24 polar bears
  3 raiju (Lair:6)
  14 blink frogs
  2 hornets
  11 hippogriffs
  A snapping turtle (Shoals:1)
  Sigmund (D:5)
  2 shadows (D:11)
  2 wraiths
  43 yaks
  4 wyverns
  3 vampires
  4 hogs (Lair:4)
  Eustachio (D:6)
  3 basilisks
  Edmund (D:6)
  3 hungry ghosts
  7 wargs
  7 hell hounds (Lair:6)
  Duvessa (D:6)
  4 porcupines
  12 water moccasins
  A hornet zombie (D:9)
  An eye of draining (D:12)
  39 orc warriors
  15 black bears
  A sky beast (D:11)
  8 ogres
  A slave (D:7)
  3 phantoms
  4 ice beasts
  31 wolves
  9 centaurs
  9 crocodiles
  Blork the orc (D:5)
  4 big kobolds
  20 bullfrogs
  A gnoll sergeant (Orc:1)
  Dowan (D:6)
  5 scorpions
  16 killer bees
  10 wights
  7 howler monkeys
  5 crimson imps
  3 bullfrog zombies
  5 centaur zombies
  23 hounds
  2 quasits
  26 orc priests
  5 jellies
  A bullfrog skeleton (D:12)
  Crazy Yiuf (D:7)
  6 iguanas
  Terence (D:2)
  35 orc wizards
  12 worker ants
  6 hell rats (Lair:4)
  A hound zombie (D:8)
  3 hound skeletons
  5 worker ant zombies
  2 howler monkey skeletons (D:5)
  14 adders
  6 river rats (Lair:4)
  An ooze (D:2)
  2 adder zombies
  2 adder skeletons
  3 worms
  3 dart slugs
  10 leopard geckos
  132 orcs
  11 bats
  9 giant cockroaches
  15 goblins
  9 hobgoblins
  11 jackals
  3 quokkas
  2 ball pythons
  4 frilled lizards
  A jackal skeleton (D:4)
  18 kobolds
  A quokka zombie (D:5)
  9 rats
  19 fungi
  6 plants
855 creatures vanquished.

Vanquished Creatures (others)
  An orc priest (D:7)
  An orc wizard (D:7)
  4 orcs
  A quokka (D:9)
  16 fungi
  18 plants
41 creatures vanquished.

Grand Total: 896 creatures vanquished

Notes
Turn   | Place    | Note
-------+----------+-------------------------------------------
     0 | D:1      | KarmaPolice the Halfling Hunter began the quest for the Orb.
     0 | D:1      | Reached XP level 1. HP: 14/14 MP: 1/1
   188 | D:1      | Reached skill level 1 in Short Blades
   188 | D:1      | Reached XP level 2. HP: 19/19 MP: 2/2
   717 | D:1      | Reached XP level 3. HP: 22/24 MP: 3/3
   908 | D:2      | Noticed Terence
  1263 | D:2      | Reached skill level 5 in Bows
  1444 | D:2      | Found a sparkling altar of Nemelex Xobeh.
  1445 | D:2      | Noticed Ijyb
  1470 | D:2      | Reached XP level 4. HP: 28/29 MP: 4/4
  1597 | D:2      | Killed Terence
  2124 | D:3      | Reached XP level 5. HP: 35/35 MP: 5/5
  2154 | D:3      | Reached skill level 1 in Axes
  3145 | D:3      | Reached XP level 6. HP: 40/42 MP: 6/6
  3836 | D:4      | Noticed Nordron's ghost (amateur NaTm)
  4315 | D:5      | Entered Level 5 of the Dungeon
  4411 | D:5      | Reached skill level 1 in Armour
  4424 | D:5      | Reached skill level 6 in Bows
  4798 | D:5      | Found Onned's Assorted Antiques.
  4876 | D:5      | Reached XP level 7. HP: 32/47 MP: 7/7
  5634 | D:5      | Found a staircase to the Ecumenical Temple.
  5733 | Temple   | Entered the Ecumenical Temple
  5740 | Temple   | Became a worshipper of Warmaster Okawaru
  5939 | D:5      | Noticed Blork the orc
  5948 | D:5      | Killed Blork the orc
  5948 | D:5      | Reached skill level 1 in Invocations
  5948 | D:5      | Reached XP level 8. HP: 47/54 MP: 8/8
  6003 | D:5      | Reached skill level 7 in Bows
  6112 | D:5      | Noticed Sigmund
  6142 | D:5      | Killed Sigmund
  6142 | D:5      | Reached * piety under Okawaru
  6142 | D:5      | Reached skill level 5 in Fighting
  6498 | D:5      | Bought an ancient hand axe for 144 gold pieces
  6498 | D:5      | Identified the +2 hand axe of Armageddon {flame, rElec rF+ Stlth-} (You bought it in a shop on level 5 of the Dungeon)
  6764 | D:6      | Found Ybauts's Jewellery Shop.
  7091 | D:6      | Found a shadowy altar of Dithmenos.
  7139 | D:6      | Noticed Eustachio
  7145 | D:6      | Reached XP level 9. HP: 49/61 MP: 11/11
  7175 | D:6      | Killed Eustachio
  7175 | D:6      | Reached skill level 5 in Armour
  7632 | D:6      | Reached skill level 8 in Bows
  7905 | D:6      | Noticed Duvessa
  7908 | D:6      | Noticed Dowan
  7915 | D:6      | Killed Duvessa
  7922 | D:6      | Killed Dowan
  8236 | D:6      | Reached ** piety under Okawaru
  8307 | D:6      | Reached skill level 1 in Evocations
  8722 | D:6      | Noticed Edmund
  8757 | D:6      | Killed Edmund
  8916 | D:7      | Found Xaroi's Food Shop.
  9382 | D:7      | Found a runed door.
  9470 | D:7      | Reached XP level 10. HP: 46/69 MP: 13/13
  9806 | D:7      | Noticed Pikel
  9831 | D:7      | Killed Pikel
  9831 | D:7      | Reached *** piety under Okawaru
  9831 | D:7      | Reached skill level 9 in Bows
  9967 | D:7      | Found Suwaosche's Armour Shoppe.
 10069 | D:7      | HP: 3/71 [poisoned by a killer bee]
 10989 | D:7      | Found Uciesab's Magic Scroll Shoppe.
 11151 | D:7      | Noticed Crazy Yiuf
 11158 | D:7      | Killed Crazy Yiuf
 11256 | D:7      | Bought a scroll of fog for 32 gold pieces
 11256 | D:7      | Bought a scroll of magic mapping for 56 gold pieces
 11857 | D:8      | Received a gift from Okawaru
 12554 | D:9      | Reached **** piety under Okawaru
 12818 | D:9      | HP: 3/71 [troll (5)]
 13022 | D:8      | Reached skill level 5 in Evocations
 13152 | D:8      | Reached skill level 10 in Bows
 13152 | D:8      | Reached XP level 11. HP: 35/76 MP: 14/14
 13387 | D:9      | Noticed Erica
 13505 | D:9      | Received a gift from Okawaru
 13763 | D:9      | Found a white marble altar of Elyvilon.
 13835 | D:9      | Killed Erica
 13838 | D:9      | Noticed Maurice
 13851 | D:9      | Noticed Psyche
 13860 | D:9      | Noticed Joseph
 13865 | D:9      | Killed Maurice
 13874 | D:9      | Killed Psyche
 13890 | D:9      | Killed Joseph
 14754 | D:9      | Reached skill level 1 in Long Blades
 14972 | D:10     | Entered Level 10 of the Dungeon
 15012 | D:10     | Found Iniedyfe's Armour Shop.
 15075 | D:10     | Found Ruchi's Armour Shop.
 15076 | D:10     | Found Qang's Antique Armour Shoppe.
 15687 | D:10     | Found a staircase to the Orcish Mines.
 15711 | D:10     | Found a flagged portal.
 16563 | D:10     | Received a gift from Okawaru
 16663 | D:10     | Got a pair of translucent gloves
 16674 | D:10     | Identified the -1 pair of gloves "Nofaunn" {rC++ Str-5 SInv Stlth+} (You found it on level 10 of the Dungeon)
 16928 | D:10     | Bought a +2 cloak of magic resistance for 258 gold pieces
 17595 | D:11     | Noticed SaltedButter's ghost (novice HOBe)
 17597 | D:11     | Noticed a hill giant
 17654 | D:10     | Killed a hill giant
 17654 | D:10     | Reached skill level 11 in Bows
 17654 | D:10     | Reached skill level 5 in Dodging
 18206 | D:10     | Received a gift from Okawaru
 19048 | D:12     | Noticed a cyclops
 19060 | D:12     | Killed a cyclops
 19060 | D:12     | Reached XP level 12. HP: 63/85 MP: 13/15
 19230 | D:12     | Found a flickering gateway to a bazaar.
 19244 | Bazaar   | Entered a bazaar
 19248 | Bazaar   | Found Goax's Antique Weapon Boutique.
 19267 | Bazaar   | Found Soutis's Food Emporium.
 19284 | Bazaar   | Found Yddont Hamel's Book Boutique.
 19301 | Bazaar   | Found Otumupu's Antique Weapon Shoppe.
 19515 | D:12     | Reached ***** piety under Okawaru
 19515 | D:12     | Received a gift from Okawaru
 20514 | D:12     | Received a gift from Okawaru
 20861 | D:13     | Found a frozen archway.
 20886 | IceCv    | Entered an ice cave
 20903 | IceCv    | Received a gift from Okawaru
 20905 | IceCv    | Reached skill level 5 in Invocations
 20959 | IceCv    | HP: 3/86 [polar bear (3)]
 21785 | IceCv    | Received a gift from Okawaru
 22340 | IceCv    | Received a gift from Okawaru
 22760 | IceCv    | Noticed a frost giant
 22784 | IceCv    | Reached skill level 10 in Fighting
 22784 | IceCv    | Reached skill level 12 in Bows
 22790 | IceCv    | Killed a frost giant
 22790 | IceCv    | Received a gift from Okawaru
 22790 | IceCv    | Reached XP level 13. HP: 69/92 MP: 10/17
 23599 | D:13     | Noticed an eight-headed hydra
 23606 | D:13     | Killed an eight-headed hydra
 24049 | D:11     | Killed SaltedButter's ghost
 24125 | D:11     | Reached skill level 5 in Long Blades
 24148 | D:11     | Found Keogiqud's Demolitions Depot.
 24210 | D:11     | Found a portal to a secret trove of treasure.
 24289 | D:11     | Found a staircase to the Lair.
 25417 | D:11     | Received a gift from Okawaru
 25492 | Lair:1   | Entered Level 1 of the Lair of Beasts
 26368 | Lair:1   | Received a gift from Okawaru
 26705 | Lair:2   | Reached XP level 14. HP: 101/101 MP: 20/20
 26711 | Lair:2   | Received a gift from Okawaru
 27058 | Lair:2   | Found a staircase to the Shoals.
 27190 | Lair:2   | Found a staircase to the Snake Pit.
 27385 | Lair:2   | Reached skill level 10 in Dodging
 28143 | Lair:2   | Received a gift from Okawaru
 28440 | Lair:2   | Reached skill level 13 in Bows
 28744 | Lair:2   | Received a gift from Okawaru
 30030 | Lair:4   | Identified a scroll of acquirement
 30418 | Lair:3   | Received a gift from Okawaru
 30666 | Lair:4   | Found a dark tunnel.
 30706 | Lair:4   | Noticed Kirke
 30741 | Lair:4   | Killed Kirke
 30756 | Lair:4   | Received a gift from Okawaru
 31280 | Lair:5   | Found a viscous altar of Jiyva.
 31281 | Lair:5   | Found a staircase to the Slime Pits.
 31747 | Lair:6   | Entered Level 6 of the Lair of Beasts
 31832 | Lair:6   | Reached XP level 15. HP: 91/108 MP: 21/21
 31866 | Lair:6   | Learned a level 5 spell: Silence
 31873 | Lair:6   | Learned a level 6 spell: Deflect Missiles
 33224 | Lair:6   | Reached skill level 14 in Bows
 34018 | Orc:1    | Entered Level 1 of the Orcish Mines
 34104 | Orc:1    | Noticed Urug
 34681 | Orc:1    | Killed Urug
 35136 | Orc:1    | Received a gift from Okawaru
 35225 | Orc:1    | Found Xeiseih's Book Boutique.
 35252 | Orc:1    | You fall through a shaft!
 35252 | Orc:2    | Entered Level 2 of the Orcish Mines
 35252 | Orc:2    | Noticed an orc warlord
 35583 | Orc:2    | Found Pmeucw's Practical Paraphernalia.
 35588 | Orc:2    | Bought a cursed -3 ring of protection for 24 gold pieces
 35751 | Orc:2    | Reached skill level 5 in Axes
 36031 | Orc:2    | Killed an orc warlord
 36031 | Orc:2    | Received a gift from Okawaru
 36123 | Orc:2    | Found a staircase to the Elven Halls.
 36746 | Orc:2    | Found a roughly hewn altar of Beogh.
 36853 | Orc:2    | Found a roughly hewn altar of Beogh.
 36882 | Orc:2    | Found Wiocs's Jewellery Shoppe.
 37006 | Orc:2    | Found a roughly hewn altar of Beogh.
 37007 | Orc:2    | Found Samum's Gadget Boutique.
 37400 | Orc:2    | Found a roughly hewn altar of Beogh.
 37500 | Orc:2    | Noticed an orc warlord
 37583 | Orc:1    | Killed an orc warlord
 37667 | Orc:2    | Found Sagekhis's Antique Armour Shoppe.
 37669 | Orc:2    | Found a roughly hewn altar of Beogh.
 37671 | Orc:2    | Found Teorphaoq's Antique Weapon Emporium.
 38128 | Orc:2    | Found a roughly hewn altar of Beogh.
 38383 | Orc:2    | Bought an ichor-stained leather armour for 245 gold pieces
 38393 | Orc:2    | Identified the +3 leather armour of Intuition {rElec Dex+2} (You bought it in a shop on level 2 of the Orcish Mines)
 38626 | Orc:2    | Bought a +5 amulet of reflection for 250 gold pieces
 39026 | D:7      | Bought a scroll of identify for 32 gold pieces
 39026 | D:7      | Bought a scroll of identify for 32 gold pieces
 39271 | D:10     | Bought an embroidered hat for 250 gold pieces
 39294 | D:10     | Bought a sheer robe for 142 gold pieces
 39304 | D:10     | Identified the +1 robe of the Salamander {rF+ Int+4 Slay-4} (You bought it in a shop on level 10 of the Dungeon)
 39728 | Shoals:1 | Entered Level 1 of the Shoals
 39728 | Shoals:1 | Noticed Donald
 39771 | Shoals:1 | Killed Donald
 39989 | Shoals:1 | Reached XP level 16. HP: 116/116 MP: 22/22
 40306 | Shoals:1 | Got a smoking plate armour
 40321 | Shoals:1 | Identified the +4 plate armour "Feekhloa" {Regen+ Dex+4 Slay+3} (You found it on level 1 of the Shoals)
 40426 | Shoals:1 | Noticed Frances
 40443 | Shoals:1 | Killed from afar by Frances

Skill      XL: |  1  2  3  4  5  6  7  8  9 10 11 12 13 14 15 |
---------------+----------------------------------------------+-----
Short Blades   | 1 2 |  2.5
Fighting       | 2 3 4 5 6 7 9 10 11 12 | 12.7
Bows           | 5 6 7 8 10 11 12 13 14 | 14.4
Axes           | 1 2 3 4 6 |  6.5
Armour         | 1 3 4 6 7 |  7.9
Invocations    | 1 3 4 6 8 |  8.0
Evocations     | 2 5 |  5.8
Dodging        | 5 7 9 11 12 | 12.0
Long Blades    | 3 6 8 9 |  9.8
Stealth        | |  1.1

Action                   |  1- 3 |  4- 6 |  7- 9 | 10-12 | 13-15 | 16-18 || total
-------------------------+-------+-------+-------+-------+-------+-------++-------
Melee: Short sword       |   107 |    33 |       |       |       |       ||   140
       Hand axe          |       |   129 |   322 |   943 |   913 |       ||  2307
       Punch             |       |       |       |     8 |     5 |       ||    13
       Scimitar          |       |       |       |    45 |   193 |       ||   238
       War axe           |       |       |       |       |   494 |    27 ||   521
 Fire: Shortbow          |    37 |    26 |   111 |   242 |   893 |    59 ||  1368
       Blowgun           |       |       |       |    16 |     2 |       ||    18
Invok: Heroism           |       |       |       |    17 |     9 |     1 ||    27
       Finesse           |       |       |       |     2 |     4 |     1 ||     7
Evoke: Wand              |       |       |       |    18 |       |     3 ||    21
  Use: Scroll            |       |       |     8 |    15 |    15 |       ||    38
       Potion            |       |       |       |    11 |     1 |     2 ||    14
 Stab: Sleeping          |     1 |     4 |     1 |     2 |     3 |       ||    11
       Distracted        |       |       |       |       |     1 |       ||     1
  Eat: Chunk             |     2 |     7 |    17 |    47 |    67 |       ||   140
       Beef jerky        |       |     1 |       |     1 |       |       ||     2
       Fruit             |       |       |       |     2 |       |       ||     2
       Royal jelly       |       |       |       |     1 |       |       ||     1
Armor: Leather armour    |    44 |    36 |    99 |   160 |       |       ||   339
       Skin              |       |       |       |     6 |       |       ||     6
       Robe              |       |       |       |    99 |     3 |       ||   102
       Troll leather arm |       |       |       |    56 |   335 |     5 ||   396
       Plate armour      |       |       |       |       |       |     6 ||     6
Dodge: Dodged            |   122 |   108 |   292 |  1133 |  2167 |    26 ||  3848
Block: Other             |       |       |       |       |    25 |     9 ||    34
       Rpst.: Scimitar   |       |       |       |    14 |    38 |       ||    52
